 Dungeon Sprint DCSS version 0.28-a0-925-gd5e1996cdb (webtiles) character file.

Game seed: 4753958374147285790

20845 Turgor the Executioner (level 12, -35/130 HPs)
             Began as a Minotaur Berserker on Nov 26, 2021.
             Was the Champion of Trog.
             Annihilated by an orc knight (43 damage)
             ... in the Dungeon (Sprint VII: "The Pits").
             The game lasted 00:22:31 (2241 turns).

Turgor the Executioner (Minotaur Berserker)         Turns: 2241, Time: 00:22:32

Health: -35/130    AC: 23    Str: 37    XL:     12   Next: 49%
Magic:  11/11      EV: 14    Int:  4    God:    Trog [******]
Gold:   35         SH:  0    Dex: 15    Spells: 11/11 levels left

rFire   . . .      SeeInvis .   z - +5 battleaxe of Winter {vorpal, Str+8 Dex+4}
rCold   . . .      Faith    .   (shield currently unavailable)
rNeg    . . .      Spirit   .   t - +4 chain mail
rPois   .          Reflect  .   (helmet restricted)
rElec   .          Harm     .   (no cloak)
rCorr   .          Rampage  .   (no gloves)
Will    ++...      NoTele   +   n - +0 pair of boots
Stlth   ..........              (no amulet)
HPRegen 1.31/turn               r - +3 ring of protection
MPRegen 0.12/turn               s - +3 ring of strength

@: strong-willed, on berserk cooldown, regenerating, slowed, very slow
A: horns 2, retaliatory headbutt
a: Renounce Religion, Berserk, Trog's Hand, Brothers in Arms


You were in the Dungeon.
You worshipped Trog.
Trog was exalted by your worship.
You visited 1 branch You collected 35 gold pieces.

Inventory:

Hand Weapons
 i - a +6 antimagic executioner's axe
 p - a +2 battleaxe of flaming
 u - a +1 broad axe of freezing
 x - a +3 vorpal executioner's axe
 y - the +6 battleaxe of Internal Strife {antimagic, rCorr Dex+4}
   (Trog gifted it to you in the Dungeon)

   It reduces the magical energy of the wielder, and disrupts the spells and
   magical abilities of those it strikes.
   Natural abilities and divine invocations are not affected.
   Dex:       It affects your dexterity (+4).
   rCorr:     It protects you from acid and corrosion.
 z - the +5 battleaxe of Winter (weapon) {vorpal, Str+8 Dex+4}
   (Trog gifted it to you in the Dungeon)

   It inflicts extra damage upon your enemies.
   Str:       It affects your strength (+8).
   Dex:       It affects your dexterity (+4).
Missiles
 j - 35 stones
 q - 10 poisoned darts
 H - 19 sling bullets
Armour
 b - a +0 animal skin
 m - a +2 plate armour
 n - a +0 pair of boots (worn)
 t - a +4 chain mail (worn)
Jewellery
 r - a +3 ring of protection (left hand)
 s - a +3 ring of strength (right hand)
 D - a ring of positive energy
Scrolls
 h - a scroll of blinking
 k - a scroll of summoning
 l - 2 scrolls of vulnerability
 o - 6 scrolls of enchant armour
 w - 6 scrolls of enchant weapon
 A - 2 scrolls of identify
 E - a scroll of fear
Potions
 a - 2 potions of invisibility
 c - 8 potions of curing
 d - 11 potions of heal wounds
 e - 2 potions of haste
 f - 4 potions of magic
 g - 5 potions of berserk rage
 v - 2 potions of mutation
 B - a potion of might
 C - 2 potions of flight
 F - a potion of cancellation
 G - a potion of attraction


   Skills:
 + Level 19.2 Fighting
 * Level 25.8 Axes
 + Level 19.1 Armour
 - Level 9.0 Dodging


You had 11 spell levels left.
You didn't know any spells.
Your spell library was empty.

Dungeon Overview and Level Annotations

Branches:
Dungeon (1/1)

Altars:
Ashenzari
Cheibriados
Dithmenos
Elyvilon
Fedhas
Gozag
Hepliaklqana
Kikubaaqudgha
Makhleb
Nemelex Xobeh
Okawaru
Qazlal
Ru
Sif Muna
Trog
Uskayaw
Vehumet
Wu Jian
Xom
Yredelemnul
Zin
The Shining One
Beogh
Jiyva
Lugonu


Innate Abilities, Weirdness & Mutations

You have a pair of horns on your head.
You reflexively headbutt those who attack you in melee.


Message History

The naga warrior constricts you.
Your Armour skill increases to level 19!
You escape the naga warrior's grasp.
You feel sick.
You feel a strong urge to attack something.
You see here a +2 battleaxe of flaming.
You are no longer berserk.
You are exhausted.
You feel yourself slow down.
You feel sick.
You are no longer poisoned.
You feel better.
Your cyclops goes berserk!
The orc knight hits you with a +0 long sword!
The orc knight barely misses you. You furiously retaliate!
You headbutt the orc knight! You barely miss the orc knight.
You headbutt the orc knight.
The orc knight is lightly wounded.
You slice the naga warrior!!
The orc knight no longer looks unusually strong.
Your cyclops hits the orc knight! The naga warrior closely misses you.
The naga warrior barely misses you.
The orc knight hits you but does no damage.
You slice the orc knight!! You headbutt the orc knight!
The orc knight is almost dead.
You completely miss the naga warrior. Your cyclops hits the orc knight!!
The orc knight dies!
Trog accepts your kill.
The naga warrior hits you with a +0 dire flail!
* * * LOW HITPOINT WARNING * * *
The naga warrior barely misses you.
The yaktaur captain shoots a bolt.
The bolt hits you!
* * * LOW HITPOINT WARNING * * *
The orc knight barely misses you.
Your cyclops barely misses the naga warrior.
The naga warrior hits you with a +0 dire flail!!
* * * LOW HITPOINT WARNING * * *
The naga warrior barely misses you.
The yaktaur captain unwields a +0 arbalest.
The yaktaur captain hits you but does no damage.
The orc knight hits you with a +0 battleaxe!!!
You die...

#++############################
#...(..))....CNo...............
#.............@c..)............
#..##############))############
#..# #..)))...# #..# #.#c...#.#
#..# ............ #..#
#.#.#....#.#.# #..#
#.o..........# #..#
.#.#....#.#.# ###).# d.
..........


You could see a naga warrior (ally target), a yaktaur captain, an orc knight
(strong) and a friendly cyclops (summoned, berserk).

Vanquished Creatures
  An orc warlord (D)
  A boulder beetle (D)
  2 vault guards (D)
  An alligator snapping turtle (D)
  A dancing weapon (D)
  A vampire mage (D)
  A deep elf knight (D)
  A deep troll (D)
  6 orc knights (D)
  2 cyclopes (D)
  A manticore (D)
  A smoke demon (D)
  2 yaktaurs (D)
  An unseen horror (D)
  A kobold demonologist (D)
  2 komodo dragons (D)
  A guardian mummy (D)
  A freezing wraith (D)
  A jumping spider (D)
  A troll (D)
  A meliai (shapeshifter) (D)
  A tyrant leech (D)
  4 slime creatures (D)
  4 dream sheep (D)
  A merfolk (D)
  A spriggan (D)
  A ynoxinul (D)
  4 redbacks (D)
  A tarantella (D)
  A basilisk (D)
  A large abomination (D)
  A naga (D)
  Duvessa (D)
  2 ogres (D)
  A wolf (D)
  2 kobold brigands (D)
  A gnoll sergeant (D)
  A small abomination (D)
  2 scorpions (D)
  A crimson imp (D)
  A hound (D)
  A gnoll shaman (D)
  An orc wizard (D)
  6 gnolls (D)
  A river rat (D)
  2 white imps (D)
  3 ufetubi (D)
  An adder zombie (D)
  A worm (D)
  An adder simulacrum (D)
  2 orcs (D)
  2 bats (D)
  A goblin (D)
  7 jackals (D)
  6 kobolds (D)
  2 ball pythons (D)
  A ball python skeleton (D)
  A frilled lizard (D)
  2 rats (D)
103 creatures vanquished.

Vanquished Creatures (collateral kills)
  A naga warrior (D)
  A sea snake (D)
  2 orc knights (D)
  2 salamanders (D)
  An elephant (D)
  An orange demon (D)
  An efreet (D)
  A red devil (D)
  A tyrant leech (D)
  A snapping turtle (D)
  A spriggan (D)
  A centaur (D)
  A quasit (D)
  A gnoll shaman (D)
  4 gnolls (D)
  An orc (D)
21 creatures vanquished.

Grand Total: 124 creatures vanquished

Notes
Turn   | Place    | Note
-------+----------+-------------------------------------------
     0 | D        | Turgor the Minotaur Berserker began the quest for the Orb.
     0 | D        | Reached XP level 1. HP: 19/19 MP: 0/0
    10 | D        | Reached skill level 4 in Axes
    38 | D        | Found a glowing golden altar of the Shining One.
    38 | D        | Found a glowing silver altar of Zin.
    38 | D        | Found a basalt altar of Yredelemnul.
    38 | D        | Found a shimmering altar of Xom.
    38 | D        | Found an ornate altar of the Wu Jian Council.
    38 | D        | Found a bloodstained altar of Trog.
    38 | D        | Found a shimmering blue altar of Sif Muna.
    38 | D        | Found a sacrificial altar of Ru.
    38 | D        | Found a stormy altar of Qazlal.
    38 | D        | Found an iron altar of Okawaru.
    38 | D        | Found a sparkling altar of Nemelex Xobeh.
    38 | D        | Found a burning altar of Makhleb.
    38 | D        | Found a viscous altar of Jiyva.
    38 | D        | Found a hazy altar of Hepliaklqana.
    38 | D        | Found an opulent altar of Gozag.
    38 | D        | Found a blossoming altar of Fedhas.
    38 | D        | Found a white marble altar of Elyvilon.
    38 | D        | Found a shadowy altar of Dithmenos.
    38 | D        | Found a snail-covered altar of Cheibriados.
    39 | D        | Found a radiant altar of Vehumet.
    39 | D        | Found a corrupted altar of Lugonu.
    40 | D        | Found a hide-covered altar of Uskayaw.
    40 | D        | Found an ancient bone altar of Kikubaaqudgha.
    40 | D        | Found a broken altar of Ashenzari.
    54 | D        | Reached ** piety under Trog
    66 | D        | Reached skill level 5 in Axes
    66 | D        | Reached XP level 2. HP: 28/28 MP: 1/1
    71 | D        | Reached *** piety under Trog
    79 | D        | Reached XP level 3. HP: 35/35 MP: 2/2
   164 | D        | Reached skill level 5 in Fighting
   164 | D        | Reached skill level 6 in Axes
   165 | D        | Reached **** piety under Trog
   177 | D        | Reached skill level 7 in Axes
   177 | D        | Reached XP level 4. HP: 42/42 MP: 3/3
   180 | D        | Reached skill level 5 in Armour
   180 | D        | Reached ***** piety under Trog
   181 | D        | Reached skill level 8 in Axes
   181 | D        | Reached skill level 5 in Dodging
   246 | D        | Received a gift from Trog
   247 | D        | Reached XP level 5. HP: 51/51 MP: 4/4
   262 | D        | Noticed a wolf
   267 | D        | Killed a wolf
   268 | D        | Reached skill level 9 in Axes
   303 | D        | Noticed Duvessa
   311 | D        | Killed Duvessa
   312 | D        | Reached skill level 10 in Axes
   312 | D        | Reached XP level 6. HP: 61/61 MP: 5/5
   367 | D        | Noticed a kobold demonologist
   367 | D        | Noticed a jumping spider
   371 | D        | Noticed a ynoxinul
   378 | D        | Reached skill level 11 in Axes
   383 | D        | Killed a jumping spider
   383 | D        | Reached ****** piety under Trog
   383 | D        | Received a gift from Trog
   384 | D        | Reached skill level 12 in Axes
   384 | D        | Reached XP level 7. HP: 64/70 MP: 6/6
   384 | D        | Noticed a sun demon
   388 | D        | Killed a kobold demonologist
   389 | D        | Reached skill level 10 in Fighting
   389 | D        | Reached skill level 13 in Axes
   526 | D        | Noticed an orange demon
   538 | D        | Received a gift from Trog
   540 | D        | Reached XP level 8. HP: 73/79 MP: 7/7
   547 | D        | Noticed a tyrant leech
   552 | D        | Killed an orange demon
   553 | D        | Reached skill level 14 in Axes
   553 | D        | Reached skill level 10 in Armour
   554 | D        | Killed a tyrant leech
   555 | D        | Reached skill level 15 in Axes
   561 | D        | Noticed a komodo dragon
   561 | D        | Noticed a snapping turtle
   567 | D        | Killed a komodo dragon
   568 | D        | Killed a snapping turtle
   571 | D        | Noticed an elephant
   571 | D        | Noticed a sea snake
   574 | D        | Killed a sea snake
   574 | D        | Received a gift from Trog
   575 | D        | Reached skill level 16 in Axes
   575 | D        | Reached XP level 9. HP: 72/91 MP: 8/8
   579 | D        | Killed an elephant
   580 | D        | Reached skill level 17 in Axes
   585 | D        | Noticed a red devil
   589 | D        | Killed a red devil
   589 | D        | Received a gift from Trog
   601 | D        | Noticed a boulder beetle
   624 | D        | Killed a boulder beetle
   625 | D        | Reached skill level 18 in Axes
   625 | D        | Reached XP level 10. HP: 102/102 MP: 9/9
   663 | D        | Noticed a smoke demon
   667 | D        | Killed a smoke demon
   675 | D        | Noticed a naga warrior
   676 | D        | Noticed a salamander
   676 | D        | Noticed a salamander
   679 | D        | HP: 5/102 [naga warrior (16)]
   682 | D        | Reached skill level 19 in Axes
   684 | D        | Killed a salamander
   684 | D        | Received a gift from Trog
   685 | D        | Killed a salamander
   689 | D        | Killed a naga warrior
   690 | D        | Reached skill level 20 in Axes
  1135 | D        | Reached skill level 15 in Fighting
  1162 | D        | Noticed an alligator snapping turtle
  1183 | D        | Killed an alligator snapping turtle
  1183 | D        | Identified the +6 battleaxe of Internal Strife {antimagic,
                  | rCorr Dex+4} (Trog gifted it to you in the Dungeon)
  1183 | D        | Received a gift from Trog
  1184 | D        | Reached skill level 15 in Armour
  1383 | D        | Noticed a vampire mage
  1394 | D        | Reached skill level 21 in Axes
  1398 | D        | Noticed a deep troll
  1402 | D        | Noticed a manticore
  1406 | D        | Killed a vampire mage
  1407 | D        | Reached XP level 11. HP: 114/114 MP: 10/10
  1415 | D        | Received a gift from Trog
  1418 | D        | Killed a deep troll
  1419 | D        | Reached skill level 22 in Axes
  1660 | D        | Identified the +5 battleaxe of Winter {vorpal, Str+8 Dex+4}
                  | (Trog gifted it to you in the Dungeon)
  1660 | D        | Received a gift from Trog
  1873 | D        | Reached skill level 23 in Axes
  1881 | D        | Received a gift from Trog
  1988 | D        | Received a gift from Trog
  2061 | D        | Noticed an orc knight
  2061 | D        | Noticed an orc knight
  2061 | D        | Noticed an orc knight
  2061 | D        | Noticed an orc knight
  2061 | D        | Noticed an orc knight
  2062 | D        | Noticed an orc warlord
  2062 | D        | Noticed an orc warlord
  2112 | D        | Killed an orc knight
  2114 | D        | Received a gift from Trog
  2115 | D        | Reached skill level 24 in Axes
  2117 | D        | Killed an orc knight
  2121 | D        | Killed an orc knight
  2122 | D        | Reached XP level 12. HP: 127/127 MP: 11/11
  2213 | D        | Noticed a vault guard
  2213 | D        | Noticed a naga warrior
  2213 | D        | Noticed a vault guard
  2214 | D        | Received a gift from Trog
  2219 | D        | Killed an orc warlord
  2220 | D        | Noticed a yaktaur captain
  2222 | D        | Killed a vault guard
  2222 | D        | Killed a vault guard
  2223 | D        | Reached skill level 25 in Axes
  2232 | D        | Noticed a white draconian
  2241 | D        | Annihilated by an orc knight

Illustrated notes

Levels and vault maps discovered:
D:        pitsprint [storerooms_1, entrance_room_1, metal_vault_5, armoury_3,
          mini_pit_1, grid_room_1, main_hall_1, silver_pit, the_coven_1,
          the_vestibule_1, steel_vault_2, golden_pit, hallway_of_sentries,
          crystal_vault_3, iron_vault_1, final_vault]

Skill      XL: |  1  2  3  4  5  6  7  8  9 10 11 12 |
---------------+-------------------------------------+-----
Fighting       | 4 5 6 8 9 10 12 13 15 18 19 | 19.2
Axes           | 5 7 8 10 12 13 16 18 21 24 25 | 25.8
Armour         | 3 4 6 7 9 12 13 15 17 19 | 19.1
Dodging        | 3 4 5 6 8 9 |  9.0

Action                   |  1- 3 |  4- 6 |  7- 9 | 10-12 || total
-------------------------+-------+-------+-------+-------++-------
Melee: Hand axe          |    29 |    42 |     9 |       ||    80
       Headbutt          |     1 |    10 |     5 |    34 ||    50
       Battleaxe         |       |       |    12 |    87 ||    99
       Executioner's axe |       |       |       |    35 ||    35
Invok: Trog's Hand       |     1 |     3 |     2 |    12 ||    18
       Berserk           |     1 |     3 |     2 |     7 ||    13
       Brothers in Arms  |       |       |     2 |     4 ||     6
  Use: Potion            |       |       |       |     3 ||     3
 Stab: Sleeping          |     1 |       |       |       ||     1
Armor: Animal skin       |     2 |       |       |       ||     2
       Chain mail        |     5 |    11 |    10 |    50 ||    76
Dodge: Dodged            |    11 |    13 |     4 |    57 ||    85

Table legend: (Time is in decaauts)
 A = Elapsed time spent in this place.
 B = Non-inter-level travel time spent in this place.
 C = Inter-level travel time spent in this place.
 D = Time resting spent in this place.
 E = Time spent auto-exploring this place.
 F = Levels seen in this place.
 G = Mean time per level.
                   A        B        C        D        E       F      G
               +--------+--------+--------+--------+--------+-----+--------+
         Total |   2289 |   2258 |     31 |   1121 |     22 |   1 | 2289.0 |
       Dungeon |   2289 |   2258 |     31 |   1121 |     22 |   1 | 2289.0 |
               +--------+--------+--------+--------+--------+-----+--------+

Top non-repeatable levels by time:
       D: 2289 daAuts
